 Dungeon Crawl Stone Soup version 0.30-a0-900-g23479c02f2 (webtiles) character file.

Game seed: 14910610828828141867

435 pokeman the Magician (level 6, -4/34 HPs)
             Began as a Deep Elf Hedge Wizard on Mar 19, 2023.
             Killed from afar by Blork the orc (12 damage)
             ... with a bolt of light
             ... on level 5 of the Dungeon.
             The game lasted 00:05:58 (4384 turns).

pokeman the Magician (Deep Elf Hedge Wizard)        Turns: 4384, Time: 00:05:58

Health: -4/34      AC:  4    Str:  7    XL:     6   Next: 68%
Magic:  1/18       EV: 13    Int: 21    God:
Gold:   164        SH:  0    Dex: 14    Spells: 11/19 levels left

rFire   + . .      SeeInvis .    c - +1 dagger (freeze)
rCold   . . .      Faith    .    (no shield)
rNeg    + . .      Spirit   .    b - +0 robe
rPois   .          Reflect  .    x - +0 helmet
rElec   .          Rampage  .    (no cloak)
rCorr   .                        (no gloves)
Will    .....                    p - +0 pair of boots
Stlth   ++                       (no amulet)
HPRegen 0.25/turn                l - ring of protection from fire
MPRegen 0.16/turn                o - ring of positive energy

@: no status effects
A: no striking features
a: no special abilities


You were on level 5 of the Dungeon.
You visited 1 branch of the dungeon, and saw 5 of its levels.

You collected 164 gold pieces.

Inventory:

Hand Weapons
 c - a +1 dagger of freezing (weapon)
Armour
 b - a +0 robe (worn)
 p - a +0 pair of boots (worn)
 x - a +0 helmet (worn)
Jewellery
 l - a ring of protection from fire (left hand)
 o - a ring of positive energy (right hand)
 q - a ring of ice
 u - a +6 ring of strength
 y - an amulet of guardian spirit
Wands
 a - a wand of flame (14)
 t - a wand of digging (7)
Scrolls
 e - a scroll of butterflies {unknown}
 f - a scroll of immolation {unknown}
 h - a scroll of enchant weapon {unknown}
 i - 4 scrolls of identify {unknown}
 r - 2 scrolls of teleportation {unknown}
 s - a scroll of amnesia {unknown}
 w - a scroll of vulnerability {unknown}
Potions
 d - a potion of magic
 g - 3 potions of curing {unknown}
 j - a potion of attraction {unknown}
 k - 2 potions of heal wounds {unknown}
 m - a potion of brilliance {unknown}
 n - 2 potions of degeneration {unknown}
 v - a potion of flight {unknown}
 z - a potion of haste {unknown}


   Skills:
 + Level 1.5 Fighting
 - Level 1.0 Armour
 - Level 3.0 Dodging
 - Level 3.0 Stealth
 * Level 7.2 Spellcasting
 + Level 3.3 Conjurations
 + Level 1.6 Summonings
 - Level 1.1 Translocations
 - Level 1.2 Air Magic
 - Level 1.0 Poison Magic
 - Level 1.3 Evocations


You had 11 spell levels left.
You knew the following spells:

 Your Spells              Type           Power      Damage    Failure   Level
a - Magic Dart            Conj           84%        1d7       2%          1
b - Mephitic Cloud        Conj/Pois/Air  15%        N/A       12%         3
c - Call Imp              Summ           14%        N/A       7%          2
d - Blink                 Tloc           24%        N/A       9%          2

Your spell library contained the following spells:

 Spells                   Type           Power      Damage    Failure   Level
 Slow                     Hex            28%        N/A       9%          1
 Cigotuvi's Dreadful Rot  Necr/Pois/Air  20%        N/A       10%         2


Dungeon Overview and Level Annotations

Branches:
Dungeon (5/15)
 Temple: D:4-7

Altars:

Shops:
D:1 (   D:4 [

Annotations:
D:5 Blork the orc


Message History

Aiming: Magic Dart (safe; 2% risk of failure)
Press: ? - help, Shift-Dir - straight line, f/p - centaur
Aim: a centaur (almost dead, confused, 100% to hit)
The magic dart hits the centaur.
The centaur is almost dead.
The orc barely misses you.
Unknown command.
Casting: Magic Dart (safe; 2% risk of failure)
Confirm with . or Enter, or press ? or * to list all spells.
Aiming: Magic Dart (safe; 2% risk of failure)
Press: ? - help, Shift-Dir - straight line, f/p - centaur
Aim: a centaur (almost dead, confused, 100% to hit)
The magic dart hits the centaur.
You kill the centaur!
Blork the orc mumbles some strange words.
Blork the orc seems to speed up.
The orc misses you.
Your Spellcasting skill increases to level 7!
The orc attacks as you move away! The orc hits you with a +0 hand axe.
Blork the orc casts a spell at you. The puff of frost misses you.
You hit the orc. You freeze the orc.
You kill the orc!
Blork the orc zaps a wand.
The bolt of light hits you!
You are confused.
Blork the orc points at you and mumbles some strange words.
The puff of flame misses you.
Blork the orc gestures at you while chanting.
The puff of frost hits you.
* * * LOW HITPOINT WARNING * * *
You bump into the rock wall.
You feel less confused.
Casting: Magic Dart (safe; 2% risk of failure)
Confirm with . or Enter, or press ? or * to list all spells.
The spell is quite dangerous to miscast (12% risk of failure)!
Continue anyway?
Aiming: Mephitic Cloud (quite dangerous; 12% risk of failure)
Press: ? - help, Shift-Dir - straight line The ball explodes into a vile cloud!
The stinking cloud engulfs Blork the orc but does no damage.
Blork the orc zaps a wand.
The bolt of light hits you!
You die...

#.>........# ...
#.....<....## #.# #
#.........#.###.##.#.
###.......##.†.......
##...######.#..##..
#...# #.........
#...# #.#######.
####.).#####.#
.....(....@..#
.[...........#
.....○.).....#
###..☼☼#.###.#
#..o.#.# #.# #....#.#
#.. #....#.# #.##
....).#.# #.#
.##......#


You could see Blork the orc (fast).

Vanquished Creatures
  A centaur (D:5)
  2 phantoms (D:4)
  A sleepcap (D:4)
  An iguana (D:5)
  Robin (D:3)
  6 adders
  3 worms
  A dart slug (D:1)
  5 orcs
  7 ball pythons
  3 bats
  9 endoplasms
  2 giant cockroaches (D:1)
  11 goblins
  8 hobgoblins
  3 jackals (D:2)
  2 quokkas
  2 frilled lizards
  4 kobolds
  9 rats
81 creatures vanquished.

Notes
Turn   | Place    | Note
-------+----------+-------------------------------------------
     0 | D:1      | pokeman the Deep Elf Hedge Wizard began the quest for the
                  | Orb.
     0 | D:1      | Reached XP level 1. HP: 10/10 MP: 7/7
   273 | D:1      | Reached XP level 2. HP: 16/16 MP: 4/9
   328 | D:1      | Found Xeutolam's Antique Weapon Shop.
   688 | D:1      | Reached skill level 5 in Spellcasting
  1291 | D:2      | Reached XP level 3. HP: 20/20 MP: 7/11
  1295 | D:2      | Learned a level 3 spell: Mephitic Cloud
  1299 | D:2      | Learned a level 2 spell: Call Imp
  1302 | D:2      | Learned a level 2 spell: Blink
  1594 | D:2      | Reached skill level 1 in Fighting
  1594 | D:2      | Reached skill level 1 in Armour
  2040 | D:2      | Reached XP level 4. HP: 25/25 MP: 10/13
  2551 | D:3      | Noticed Robin
  2567 | D:3      | Killed Robin
  3183 | D:4      | Reached skill level 6 in Spellcasting
  3308 | D:4      | Reached XP level 5. HP: 23/29 MP: 9/15
  3798 | D:4      | Noticed a phantom
  3811 | D:4      | Killed a phantom
  3812 | D:4      | Reached skill level 1 in Poison Magic
  3812 | D:4      | Reached skill level 1 in Evocations
  3935 | D:4      | Found Atyanez's Armour Shop.
  4064 | D:4      | Noticed a phantom
  4072 | D:4      | Killed a phantom
  4073 | D:4      | Reached skill level 1 in Air Magic
  4073 | D:4      | Reached XP level 6. HP: 27/34 MP: 10/17
  4295 | D:5      | Entered Level 5 of the Dungeon
  4374 | D:5      | Noticed Blork the orc
  4379 | D:5      | Reached skill level 7 in Spellcasting
  4384 | D:5      | Killed from afar by Blork the orc

Illustrated notes

Levels and vault maps discovered:
D:1:      dpeg_arrival_snail, layout_loops_ring, serial_shops, shop_fountains
D:2:      layout_loops_ring
D:3:      layout_basic, amethyst_killhole, hangedman_decor_diamond_cutter,
          uniq_robin
D:4:      layout_basic, serial_shops, shop, grunt_decor_fettered
D:5:      layout_loops_cross, minmay_stone_trees_small, uniq_blork_the_orc

Skill      XL: |  1  2  3  4  5  6 |
---------------+-------------------+-----
Spellcasting   | 5 6 7 |  7.2
Fighting       | 1 |  1.5
Armour         | 1 |  1.0
Conjurations   | 2 3 |  3.3
Stealth        | 3 |  3.0
Dodging        | 3 |  3.0
Poison Magic   | 1 |  1.0
Evocations     | 1 |  1.3
Air Magic      | 1 |  1.2
Summonings     | |  1.6
Translocations | |  1.1

Action                     |  1- 3 |  4- 6 || total
---------------------------+-------+-------++-------
  Melee: Dagger            |     1 |    12 ||    13
         Hand axe          |       |    10 ||    10
   Cast: Magic Dart        |   104 |   115 ||   219
         Mephitic Cloud    |       |     7 ||     7
         Call Imp          |       |     3 ||     3
   Stab: Sleeping          |     1 |       ||     1
         Confused          |       |     2 ||     2
 Armour: Robe              |     4 |     9 ||    13
  Dodge: Dodged            |    16 |    36 ||    52

Table legend: (Time is in decaauts)
 A = Elapsed time spent in this place.
 B = Non-inter-level travel time spent in this place.
 C = Inter-level travel time spent in this place.
 D = Time resting spent in this place.
 E = Time spent auto-exploring this place.
 F = Levels seen in this place.
 G = Mean time per level.
                   A        B        C        D        E       F      G
               +--------+--------+--------+--------+--------+-----+--------+
         Total |   4384 |   4310 |     74 |      0 |   3820 |   5 |  876.8 |
       Dungeon |   4384 |   4310 |     74 |      0 |   3820 |   5 |  876.8 |
               +--------+--------+--------+--------+--------+-----+--------+

Top non-repeatable levels by time:
     D:1: 1286 daAuts
     D:4: 1155 daAuts
     D:3: 1012 daAuts
     D:2: 840 daAuts
     D:5: 88 daAuts
